 Dungeon Crawl Stone Soup version 0.30.0-29-ga12c61a403 (webtiles) character file.

Game seed: 3781347327136707013

94 BONEBRO the Trooper (level 4, -1/38 HPs)
             Began as a Merfolk Summoner on June 25, 2023.
             Slain by Grinder (4 damage)
             ... while paralysed by Grinder
             ... on level 3 of the Dungeon.
             The game lasted 00:07:27 (2600 turns).

BONEBRO the Trooper (Merfolk Summoner)              Turns: 2600, Time: 00:07:28

Health: -1/38      AC:  3    Str: 10    XL:     4   Next: 63%
Magic:  4/7        EV:  2    Int: 14    God:
Gold:   148        SH:  0    Dex: 14    Spells: 6/7 levels left

rFire   . . .        k - +0 long sword
rCold   . . .        (no shield)
rNeg    . . .        a - +0 robe
rPois   .            (no helmet)
rElec   .            (no cloak)
rCorr   .            (no gloves)
SInv    .            h - +0 pair of boots
Will    .....        f - amulet of the acrobat
Stlth   ++           p - ring of wizardry
HPRegen 0.26/turn    (no ring)
MPRegen 0.10/turn

%: acrobat, wizardry (x1)
@: paralysed
A: (nimble swimmer 2), mertail
a: no special abilities


You were on level 3 of the Dungeon.
You visited 1 branch of the dungeon, and saw 3 of its levels.

You collected 148 gold pieces.

Inventory:

Hand Weapons
 c - a +0 short sword
 k - a +0 long sword (weapon)
Missiles
 l - 12 poisoned darts
 q - 3 boomerangs
Armour
 a - a +0 robe (worn)
 h - a +0 pair of boots (worn)
Magical Staves
 e - a staff of cold
Jewellery
 f - an amulet of the acrobat (around neck)
 p - a ring of wizardry (left hand)
Scrolls
 j - 2 scrolls of teleportation
 m - a scroll of enchant armour
Potions
 b - a potion of magic
 g - a potion of lignification
 i - 2 potions of heal wounds
 n - a potion of brilliance {unknown}
 o - a potion of berserk rage {unknown}
 r - a potion of degeneration {unknown}


   Skills:
 + Level 4.5 Fighting
 - Level 2.6 Dodging
 - Level 2.1 Stealth
 - Level 2.0 Spellcasting
 - Level 4.0 Summonings


You had 6 spell levels left.
You knew the following spells:

 Your Spells              Type           Power      Damage    Failure   Level
a - Summon Small Mammal   Summ           48%        N/A       1%          1

Your spell library contained the following spells:

 Spells                   Type           Power      Damage    Failure   Level
 Call Imp                 Summ           24%        N/A       2%          2
 Call Canine Familiar     Summ           12%        N/A       6%          3
 Summon Guardian Golem    Hex/Summ       7%         N/A       12%         3
 Summon Lightning Spire   Summ/Air       7%         N/A       38%         4


Dungeon Overview and Level Annotations

Branches:
Dungeon (3/15)

Altars:
Hepliaklqana

Annotations:
D:3 Grinder


Innate Abilities, Weirdness & Mutations

((You are very nimble when in or above water. (Stealth+, EV+, Speed+++)))
Your lower body shifts to a powerful aquatic tail in water.


Message History

Grinder misses you.
Your rat closely misses Grinder.
Grinder completely misses you.
Your rat bites Grinder but does no damage.
Grinder closely misses you.
Your rat bites Grinder.
Grinder completely misses you.
Your rat bites Grinder but does no damage.
Grinder misses you.
Your rat bites Grinder but does no damage.
Grinder blinks!
You start resting.
Grinder is nearby!
Grinder gestures at you.
Your rat suddenly stops moving!
You see here 7 stones.
You completely miss Grinder.
Grinder is lightly wounded.
Grinder blinks!
Grinder hits your quokka.
Your quokka dies!
Your quokka's corpse disappears in a puff of smoke!
Grinder gestures at you. Pain shoots through your body!
Your rat closely misses Grinder.
Grinder misses you.
Your rat bites Grinder.
You barely miss Grinder.
Grinder is lightly wounded.
Grinder hits you.
You writhe in agony.
Your rat bites Grinder but does no damage.
You hit Grinder.
Grinder is moderately wounded.
Your rat disappears in a puff of smoke!
Grinder gestures at you.
You suddenly lose the ability to move!
Your rat bites Grinder but does no damage.
Grinder hits you!
You writhe in agony.
Your rat misses Grinder. Grinder hits you!
You writhe in agony.
* * * LOW HITPOINT WARNING * * *
Your rat bites Grinder but does no damage.
Grinder hits you!
* * * LOW HITPOINT WARNING * * *
You writhe in agony.
You die...

.......#
$.....##
#......# #.....#
#.....#
#####.....##
...........#
#######.#.##
#.@.r..#
#########.#5..##
#.............#
##.######.....#
#.#<# #.#####
#.#.# ### #.#.#
#.#.# #.#.#


You could see Grinder (ally target) and a friendly rat (summoned).

Vanquished Creatures
  3 adders (D:2)
  2 dart slugs (D:2)
  A ball python (D:1)
  3 endoplasms (D:2)
  3 giant cockroaches
  3 hobgoblins (D:1)
  2 jackals (D:2)
  2 quokkas (D:1)
  5 bats
  4 frilled lizards
  A goblin (D:1)
  2 kobolds
  4 rats
35 creatures vanquished.

Vanquished Creatures (collateral kills)
  An adder (D:2)
  A worm (D:2)
  2 endoplasms
  A goblin (D:1)
  A hobgoblin (D:2)
  A ball python (D:2)
  A bat (D:2)
  A frilled lizard (D:1)
  6 kobolds (D:1)
  2 rats (D:1)
17 creatures vanquished.

Grand Total: 52 creatures vanquished

Notes
Turn   | Place    | Note
-------+----------+-------------------------------------------
     0 | D:1      | BONEBRO the Merfolk Summoner began the quest for the Orb.
     0 | D:1      | Reached XP level 1. HP: 13/13 MP: 3/3
    85 | D:1      | Reached skill level 1 in Fighting
    92 | D:1      | Reached XP level 2. HP: 8/22 MP: 1/5
   883 | D:1      | Reached XP level 3. HP: 28/28 MP: 3/6
  1852 | D:2      | Reached XP level 4. HP: 37/37 MP: 4/7
  1936 | D:2      | Found a hazy altar of Hepliaklqana.
  2552 | D:3      | Noticed Grinder
  2598 | D:3      | Paralysed by Grinder for 4 turns
  2600 | D:3      | Slain by Grinder

Illustrated notes

Levels and vault maps discovered:
D:1:      wander_arrival_desolate, layout_basic,
          wander_ebering_terrifying_dragon_lair
D:2:      layout_loops_corners, basic_altar, serial_forest,
          infiniplex_forest_lined_corner, infiniplex_forest_clump_curved,
          infiniplex_forest_lined_room_2, infiniplex_forest_clump_double,
          infiniplex_forest_zigzag_1, nrook_mini_vaults, minmay_surrounded
D:3:      layout_basic, uniq_crazy_yiuf_cottage, uniq_natasha, uniq_grinder

Skill      XL: |  1  2  3 |
---------------+----------+-----
Fighting       | 1 2 4 |  4.5
Dodging        | |  2.6
Stealth        | |  2.1
Spellcasting   | |  2.0
Summonings     | |  4.0

Action                     |  1- 3 |  4- 6 || total
---------------------------+-------+-------++-------
  Melee: Short sword       |    40 |       ||    40
         Unarmed           |     3 |       ||     3
         Long sword        |    37 |    30 ||    67
   Cast: Summon Small Mamm |    47 |    16 ||    63
    Use: Scroll            |       |     4 ||     4
   Stab: Distracted        |     3 |     1 ||     4
         Sleeping          |     3 |     1 ||     4
 Armour: Robe              |    19 |     5 ||    24
  Dodge: Dodged            |    58 |    32 ||    90
